 Dungeon Crawl Stone Soup version 0.22.0 (webtiles) character file.

358 BigChef the Nimble (level 6, 0/48 HPs)
             Began as a Demonspawn Chaos Knight on Aug 20, 2018.
             Succumbed to a worker ant's poison
             ... on level 3 of the Dungeon.
             The game lasted 00:08:09 (2570 turns).

BigChef the Nimble (Demonspawn Chaos Knight)        Turns: 2570, Time: 00:08:10

Health: 0/48       AC:  5    Str: 13    XL:     6   Next: 37%
Magic:  0/6        EV: 18    Int: 13    God:    Xom [.....*]
Gold:   205        SH:  3    Dex: 14    Spells: 5/5 levels left

rFire    . . .     SeeInvis .   a - +0 spear (chaos)
rCold    . . .     Gourm    .   d - +0 buckler
rNeg     . . .     Faith    .   b - +2 leather armour
rPois    .         Spirit   +   (helmet restricted)
rElec    .         Reflect  .   (no cloak)
rCorr    .         Harm     .   (no gloves)
MR       .....     Rnd*Tele +   (no boots)
Stlth    +.........             k - amulet of the acrobat
HPRegen  0.16/turn              j - ring of teleportation
MPRegen  0.10/turn              (no ring)

@: lethally poisoned (0 -> -7), cleaving
A: antennae 1, powered by pain 1, magic shield
a: Renounce Religion


You were on level 3 of the Dungeon.
You worshipped Xom.
You were Xom's teddy bear.
You were not hungry.

You visited 1 branch of the dungeon, and saw 4 of its levels.

You collected 205 gold pieces.

Inventory:

Hand Weapons
 a - a +0 spear of chaos (weapon)
Armour
 b - a +2 leather armour (worn)
 d - a +0 buckler (worn)
 i - a +1 chain mail of magic resistance
Jewellery
 h - an uncursed ring of positive energy {unknown}
 j - a ring of teleportation (left hand)
 k - an amulet of the acrobat (around neck)
Wands
 f - a wand of flame (27)
Scrolls
 e - 5 scrolls of identify
 g - a scroll of enchant weapon
 s - a scroll of amnesia
Potions
 q - a potion of magic
Comestibles
 c - 8 rations


   Skills:
 * Level 3.8 Fighting
 + Level 4.0 Polearms
 + Level 3.0 Armour
 + Level 11.0 Dodging
 + Level 0.1 Stealth
 * Level 0.2 Shields


You had 5 spell levels left.
You didn't know any spells.
Your spell library was empty.

Dungeon Overview and Level Annotations

Branches:
Dungeon (4/15)
 Temple: D:4-7

Altars:
Ashenzari
Sif Muna
Zin

Annotations:
D:4 1 transporter


Innate Abilities, Weirdness & Mutations

You have a pair of small antennae on your head.
You sometimes gain a little power by taking damage.
When hurt, damage is shared between your health and your magic reserves.


Message History

Aim: a worker ant (severely wounded)
The puff of flame hits the worker ant.
The worker ant is almost dead.
The worker ant bites you but does no damage.
Aiming: Throw Flame
Press: ? - help, Shift-Dir - straight line, f/p - worker ant
Aim: a worker ant (almost dead)
The puff of flame hits the worker ant.
The worker ant appears unharmed.
The worker ant is almost dead.
You block the worker ant's attack. The worker ant bites you.
* * * LOW HITPOINT WARNING * * *
You are lethally poisoned!
The worker ant poisons you!
You hit the worker ant. You freeze the worker ant.
You kill the worker ant!
* * * LOW HITPOINT WARNING * * *
You feel sick.
You eat one of the 9 rations.
That ration really hit the spot!
You die...
Xom chortles!

#.......#.#.##.#.##.#.#.....
#.......#.#.##.#.##.#.######
#########...##.#.##.#.......
##..##.#..†.########
###).##.#############
#.......#.....)......
#.#..##.#.###########
#.#..####.# # #...@.....# #
####.###### # #.# # #.# #
#.# # #.# # #.# # #.# # #.#
#####


There were no monsters in sight!

Vanquished Creatures
  An iguana (shapeshifter) (D:2)
  An orc wizard (D:3)
  Ijyb (D:3)
  2 worker ants
  3 adders
  2 worms (D:2)
  2 dart slugs
  A leopard gecko (D:2)
  3 orcs (D:3)
  8 bats
  3 giant cockroaches
  7 goblins
  8 hobgoblins
  2 jackals (D:2)
  A quokka (D:2)
  5 frilled lizards
  5 kobolds
  7 rats
62 creatures vanquished.

Notes
Turn   | Place    | Note
-------+----------+-------------------------------------------
     0 | D:1      | BigChef the Demonspawn Chaos Knight began the quest for the Orb.
     0 | D:1      | Reached XP level 1. HP: 18/18 MP: 1/1
   126 | D:1      | Gained mutation: You sometimes gain a little power by taking damage. [demonic ancestry]
   126 | D:1      | Reached XP level 2. HP: 24/24 MP: 2/2
   166 | D:1      | XOM: divination: detect items
  1076 | D:2      | Gained mutation: When hurt, damage is shared between your health and your magic reserves. [demonic ancestry]
  1076 | D:2      | Reached XP level 3. HP: 19/29 MP: 3/3
  1222 | D:2      | Found a deep blue altar of Sif Muna.
  1223 | D:2      | Found a glowing silver altar of Zin.
  1250 | D:2      | Reached skill level 1 in Dodging
  1456 | D:2      | Gained mutation: You have a pair of small antennae on your head. [demonic ancestry]
  1456 | D:2      | Reached XP level 4. HP: 30/36 MP: 4/4
  1715 | D:3      | Found a shattered altar of Ashenzari.
  1801 | D:3      | XOM: butterfly on damage
  1931 | D:3      | Reached XP level 5. HP: 31/41 MP: 5/5
  2029 | D:3      | Noticed Ijyb
  2041 | D:3      | XOM: potion effect (experience)
  2041 | D:3      | Reached skill level 11 in Dodging
  2041 | D:3      | Reached XP level 6. HP: 47/47 MP: 6/6
  2045 | D:3      | XOM: divination: detect items
  2057 | D:3      | XOM: fog
  2095 | D:3      | Killed Ijyb
  2525 | D:4      | XOM: cleaving
  2526 | D:4      | Noticed a sky beast
  2527 | D:4      | Found a transporter.
  2550 | D:4      | XOM: summons friendly ynoxinul
  2568 | D:3      | HP: 2/48 [worker ant (4)]
  2570 | D:3      | Succumbed to a worker ant's poison

Skill      XL: |  1  2  3  4  5  6 |
---------------+-------------------+-----
Armour         | 2 3 |  3.0
Polearms       | 3 4 |  4.0
Dodging        | 1 11 | 11.0
Fighting       | |  3.8
Stealth        | |  0.1
Shields        | |  0.2

Action                   |  1- 3 |  4- 6 || total
-------------------------+-------+-------++-------
Melee: Spear             |   135 |   143 ||   278
       Unarmed           |       |    32 ||    32
Evoke: Wand              |       |     6 ||     6
  Use: Potion            |     3 |     7 ||    10
       Scroll            |     1 |     3 ||     4
 Stab: Confused          |       |     1 ||     1
       Sleeping          |       |     1 ||     1
  Eat: Chunk             |     1 |     3 ||     4
       Ration            |       |     1 ||     1
Armor: Leather armour    |    41 |    29 ||    70
       Skin              |       |     7 ||     7
Dodge: Dodged            |    75 |   122 ||   197
Block: Buckler           |    17 |    24 ||    41
